 Dungeon Crawl Stone Soup version 0.22-a0-192-g6ffc940 (console) character file.

5215 toffzen the Cleaver (level 10, -2/92 HPs)
             Began as a Naga Wanderer on Feb 16, 2018.
             Was a Priest of Okawaru.
             Slain by a large slime creature (33 damage)
             ... on level 10 of the Dungeon.
             The game lasted 00:39:57 (12248 turns).

toffzen the Cleaver (Naga Wanderer)                Turns: 12248, Time: 00:39:57

Health: -2/92      AC: 13    Str: 24    XL:     10   Next: 61%
Magic:  12/14      EV: 15    Int: 13    God:    Okawaru [***...]
Gold:   338        SH:  6    Dex: 12    Spells: 9/9 levels left

rFire    + . .     SeeInvis +   p - +0 war axe
rCold    + . .     Gourm    .   y - +0 buckler "Loatran" {rPois rCorr Slay+2} (curse)
rNeg     . . .     Faith    .   q - +0 ring mail (curse)
rPois    +         Spirit   .   x - +3 helmet "Midatunk" {*Drain rF+ Str+8}
rElec    .         Reflect  .   b - +0 cloak
rCorr    +         Harm     .   (no gloves)
MR       +....                  (no barding)
Stlth    ++++......             v - amulet of the acrobat
HPRegen  0.25/turn              w - ring of protection from cold
MPRegen  0.14/turn              E - +4 ring of evasion

@: heroism, very slow
A: large, see invisible, deformed body, poison resistance, slowness 2, slow
metabolism 1, spit poison 1, AC +3
a: Spit Poison, Heroism, Renounce Religion


You were on level 10 of the Dungeon.
You worshipped Okawaru.
Okawaru was most pleased with you.
You were not hungry.

You visited 1 branch of the dungeon, and saw 10 of its levels.

You collected 472 gold pieces.
You spent 134 gold pieces at shops.

Inventory:

Hand Weapons
 p - a +0 war axe (weapon)
Missiles
 j - 314 stones (quivered)
Armour
 a - a +3 leather armour
 b - a +0 cloak (worn)
 q - a cursed +0 ring mail (worn)
 x - the +3 helmet "Midatunk" (worn) {*Drain rF+ Str+8}
   (You found it on level 5 of the Dungeon)

   It affects your strength (+8).
   It protects you from fire.
   It causes draining when unequipped.
 y - the cursed +0 buckler "Loatran" (worn) {rPois rCorr Slay+2}
   (You found it on level 6 of the Dungeon)

   It affects your accuracy and damage with ranged weapons and melee attacks
   (+2).
   It protects you from poison.
   It protects you from acid and corrosion.
   It has a curse placed upon it.
Jewellery
 e - an uncursed amulet of the gourmand
 v - an amulet of the acrobat (around neck)
 w - a ring of protection from cold (left hand)
 E - a +4 ring of evasion (right hand)
 G - an uncursed ring of positive energy {unknown}
Wands
 d - a wand of paralysis (5)
 m - a wand of disintegration (7)
 H - a wand of clouds (6)
Scrolls
 c - a scroll of fear
 f - 2 scrolls of enchant weapon
 i - 4 scrolls of enchant armour
 k - 5 scrolls of teleportation
 l - a scroll of magic mapping {unknown}
 o - 4 scrolls of blinking
 z - 2 scrolls of fog
 A - a scroll of noise {unknown}
 F - a scroll of immolation {unknown}
Potions
 g - 3 potions of brilliance
 h - a potion of flight
 n - 2 potions of magic
 r - a potion of lignification
 s - 4 potions of mutation
 u - a potion of degeneration
 B - 2 potions of curing
 C - a potion of cancellation
 D - a potion of ambrosia
Comestibles
 t - 8 rations


   Skills:
 + Level 6.6(11.6) Fighting
   Level 3.0(8.0) Short Blades
 * Level 8.8(13.8) Axes
   Level 2.0(7.0) Staves
 + Level 4.5(9.5) Armour
 - Level 1.0(6.0) Dodging
 - Level 7.3(12.3) Stealth
 + Level 4.4(9.4) Shields
 - Level 6.6 Invocations


You had 9 spell levels left.
You didn't know any spells.

Dungeon Overview and Level Annotations

Branches:
Dungeon (10/15)            Temple (0/1) D:6             Orc (0/2) D:9
   Lair: D:8-11

Altars:
Kikubaaqudgha
Nemelex Xobeh
Okawaru
Sif Muna
Uskayaw
Xom
The Shining One

Shops:
D:8 ?   D:9 [=?

Annotations:
D:2 1 runed door
D:8 exclusion: downstairs


Innate Abilities, Weirdness & Mutations

You cannot wear boots.
Your serpentine skin is tough. (AC +3)
You have supernaturally acute eyesight. (SInv)
Armour fits poorly on your strangely shaped body.
Your system is resistant to poisons. (rPois)
You cover ground very slowly.
You have a slow metabolism.
You can spit poison.


Message History

Press: ? - help, v - describe, . - travel
Here: a large slime creature (severely wounded)
The floor.
Unknown command.
You barely miss the large slime creature.
The large slime creature is severely wounded.
The slime creature quivers.
You slash the slime creature! The slime creature hits you.
The large slime creature barely misses you.
You slash the large slime creature!
The large slime creature is severely wounded.
You hit the slime creature. The slime creature hits you.
You barely miss the large slime creature.
The large slime creature is severely wounded.
You barely miss the slime creature. The large slime creature hits you!!
You hit the large slime creature but do no damage.
The large slime creature is severely wounded.
You slash the slime creature! The slime creature hits you!
The large slime creature hits you!!
You die...

#.........##..'......#
#.........#####......#
#.......<.# #......#
#.........# #>.....#
##+######## #......#
#...#### ##.######
#.......# #.@.....#
#.JJ....# #.......#
#.......# +.......#
#.J.....# #.......#
#.......#


You could see a large slime creature and 2 slime creatures.

Vanquished Creatures
  2 two-headed ogres
  2 trolls (D:9)
  Sigmund (D:2)
  2 orc warriors
  2 ice beasts
  4 sky beasts
  3 black bears
  A phantom (D:6)
  A necrophage (D:8)
  2 centaurs
  6 bullfrogs
  2 scorpions
  3 killer bees (D:9)
  3 crimson imps
  3 hounds
  2 jellies (D:6)
  10 orc priests
  2 iguanas
  Terence (D:2)
  9 orc wizards
  5 worker ants
  A hound zombie (D:9)
  A worker ant zombie (D:9)
  4 gnolls (D:5)
  12 adders
  2 shadow imps
  2 adder zombies
  2 oozes
  5 worms
  A dart slug (D:2)
  2 leopard geckos
  55 orcs
  3 ball pythons
  8 bats
  4 giant cockroaches
  9 goblins
  6 hobgoblins
  8 jackals
  2 quokkas
  7 frilled lizards
  8 kobolds
  A quokka zombie (D:6)
  6 rats
215 creatures vanquished.

Notes
Turn   | Place    | Note
-------+----------+-------------------------------------------
     0 | D:1      | toffzen the Naga Wanderer began the quest for the Orb.
     0 | D:1      | toffzen set off with: a +2 leather armour, a +0 short sword, a potion of curing, a ration
     0 | D:1      | Reached XP level 1. HP: 19/19 MP: 1/1
    57 | D:1      | Reached XP level 2. HP: 7/26 MP: 2/2
   383 | D:1      | Reached skill level 1 in Armour
  1255 | D:2      | Reached XP level 3. HP: 31/32 MP: 3/3
  1599 | D:2      | Noticed Sigmund
  1612 | D:2      | Noticed Terence
  1624 | D:2      | Killed Terence
  1624 | D:2      | Reached XP level 4. HP: 19/39 MP: 4/4
  1873 | D:2      | Killed Sigmund
  1873 | D:2      | Reached XP level 5. HP: 41/45 MP: 5/5
  1873 | D:2      | Reached XP level 6. HP: 48/52 MP: 6/6
  2068 | D:2      | Found a runed door.
  2670 | D:3      | Found a glowing golden altar of the Shining One.
  2906 | D:3      | Reached skill level 5 in Stealth
  3434 | D:3      | Found an iron altar of Okawaru.
  3445 | D:3      | Became a worshipper of Warmaster Okawaru
  3707 | D:4      | Reached XP level 7. HP: 49/60 MP: 7/7
  4236 | D:4      | Reached skill level 1 in Axes
  4506 | D:4      | Reached skill level 1 in Invocations
  5201 | D:4      | Found a deep blue altar of Sif Muna.
  5208 | D:4      | Found a hide-covered altar of Uskayaw.
  5212 | D:4      | Found an ancient bone altar of Kikubaaqudgha.
  5250 | D:5      | Entered Level 5 of the Dungeon
  5344 | D:5      | Found a shimmering altar of Xom.
  5468 | D:5      | Reached * piety under Okawaru
  5468 | D:5      | Reached skill level 2 in Axes
  5738 | D:5      | HP: 1/61 [gnoll/club (3)]
  6513 | D:5      | Got a blackened helmet
  6519 | D:5      | Identified the +3 helmet "Midatunk" {*Drain rF+ Str+8} (You found it on level 5 of the Dungeon)
  6799 | D:6      | Reached skill level 3 in Axes
  6799 | D:6      | Reached XP level 8. HP: 64/69 MP: 9/9
  6868 | D:6      | Got a spiked buckler
  6906 | D:6      | Reached skill level 4 in Axes
  6924 | D:6      | Identified the cursed +0 buckler "Loatran" {rPois rCorr Slay+2} (You found it on level 6 of the Dungeon)
  7305 | D:6      | Reached skill level 5 in Axes
  7425 | D:6      | Found a staircase to the Ecumenical Temple.
  7717 | D:6      | Reached XP level 9. HP: 78/79 MP: 12/12
  8728 | D:7      | Reached skill level 6 in Axes
  9118 | D:8      | Reached ** piety under Okawaru
  9276 | D:8      | Found a shimmering altar of Xom.
  9285 | D:8      | Reached skill level 5 in Fighting
  9348 | D:8      | Noticed a two-headed ogre
  9361 | D:8      | Killed a two-headed ogre
  9361 | D:8      | Reached skill level 7 in Axes
  9361 | D:8      | Reached skill level 5 in Invocations
  9885 | D:8      | Found Gyipyrch's Magic Scroll Shoppe.
  9893 | D:8      | Bought a scroll of fog for 20 gold pieces
 10184 | D:9      | Noticed a two-headed ogre
 10350 | D:9      | Noticed a troll
 10522 | D:9      | Killed a troll
 10522 | D:9      | Reached XP level 10. HP: 53/91 MP: 11/14
 10745 | D:9      | Reached skill level 8 in Axes
 10934 | D:9      | Found a staircase to the Orcish Mines.
 11036 | D:9      | Killed a two-headed ogre
 11036 | D:9      | Reached *** piety under Okawaru
 11469 | D:9      | Found Cuiwnap's Jewellery Emporium.
 11569 | D:9      | Found Optughir's Magic Scroll Shoppe.
 11574 | D:9      | Bought a scroll of identify for 24 gold pieces
 11574 | D:9      | Bought a scroll of blinking for 90 gold pieces
 11767 | D:9      | Found Zoawnat's Antique Armour Boutique.
 12088 | D:9      | Found a sparkling altar of Nemelex Xobeh.
 12208 | D:10     | Entered Level 10 of the Dungeon
 12248 | D:10     | Slain by a large slime creature

Vault maps used:
D:1:      lightli_iron_boxes
D:2:      first_ration, minmay_octomino_j4, uniq_crazy_yiuf_cottage,
          uniq_terence, uniq_sigmund
D:3:      cheibrodos_helix_gallery, lemuel_crystal_altar, st_stairs_5,
          okawaru_altar_gauntlet_db
D:4:      grunt_temple_overflow_diamond, corexii_shack, hangedman_decor_points,
          minivault_5
D:5:      basic_altar, serial_co_window_serial, co_window_corner_a,
          co_window_of_opportunity_a, co_window_corner_a, co_window_cross_1,
          co_window_paths_a, co_window_broadway_b, co_window_corner_b,
          co_window_broadway_a, co_window_paths_c, co_window_broadway_b,
          kennysheep_small_spiral, minmay_misc_feat_pillars
D:6:      lemuel_temple_firewalk_a
D:7:      serial_co_window_serial, co_window_of_opportunity_a,
          co_window_corner_a, co_window_cross_1, co_window_paths_b,
          co_window_corner_a, co_window_of_opportunity_a,
          co_window_of_opportunity_a, co_window_corner_b, co_window_2corner,
          co_window_paths_c, co_window_unsneaky_path_d, co_window_corner_cb,
          co_window_4corner_a, glass_columns_a
D:8:      old_standard_altar, serial_shops, shop
D:9:      marbit_many_paths, hiddenorc2_lemuel, serial_shops, shop, shop,
          nicolae_shop_stone

Skill      XL: |  1  2  3  4  5  6  7  8  9 10 |
---------------+-------------------------------+-----
Stealth        | 2 3 7 |  7.3
Armour         | 1 2 4 |  4.5
Axes           | 3 5 7 8 |  8.8
Invocations    | 2 4 5 6 |  6.6
Fighting       | 3 4 5 6 |  6.6
Shields        | 2 3 4 |  4.4
Short Blades   | |  3.0
Staves         | |  2.0
Dodging        | |  1.0

Action                   |  1- 3 |  4- 6 |  7- 9 | 10-12 || total
-------------------------+-------+-------+-------+-------++-------
Melee: Short sword       |   111 |   179 |     1 |       ||   291
       War axe           |       |       |   382 |   161 ||   543
       Punch             |       |       |     1 |       ||     1
Throw: Stone             |       |     1 |     8 |     7 ||    16
Invok: Heroism           |       |       |     9 |     6 ||    15
 Abil: Spit Poison       |    19 |    18 |    26 |     2 ||    65
  Use: Scroll            |       |     5 |    14 |     3 ||    22
       Potion            |       |       |     6 |       ||     6
 Stab: Sleeping          |       |     6 |    16 |     1 ||    23
       Distracted        |       |       |     1 |     1 ||     2
  Eat: Ration            |     1 |     1 |     4 |     1 ||     7
       Chunk             |       |     2 |     7 |     2 ||    11
Armor: Leather armour    |    44 |    60 |    33 |       ||   137
       Ring mail         |       |       |   151 |    45 ||   196
Dodge: Dodged            |    50 |    76 |   223 |    76 ||   425
Block: Buckler           |       |       |    17 |    35 ||    52

Table legend:
 A = Spawn XP
 B = Non-spawn XP
 C = Spawn XP percentage of total XP
 D = Spawn monster count
 E = Non-spawn monster count
 F = Spawn count percentage of total count
 G = Total turns spent on level
                    A         B        C        D         E        F      G
               +---------+---------+-------+---------+---------+-------+---------
         Total |       0 |    7451 |   0.0 |       0 |     215 |   0.0 | 12248
               +---------+---------+-------+---------+---------+-------+---------
           D:1 |       0 |      21 |   0.0 |       0 |      11 |   0.0 |   815
           D:2 |       0 |     342 |   0.0 |       0 |      25 |   0.0 |  1799
           D:3 |       0 |     163 |   0.0 |       0 |      30 |   0.0 |   931
           D:4 |       0 |     360 |   0.0 |       0 |      23 |   0.0 |  1705
           D:5 |       0 |     237 |   0.0 |       0 |      17 |   0.0 |  1542
           D:6 |       0 |    1246 |   0.0 |       0 |      32 |   0.0 |  1139
           D:7 |       0 |     380 |   0.0 |       0 |       8 |   0.0 |  1048
           D:8 |       0 |    1636 |   0.0 |       0 |      16 |   0.0 |  1238
           D:9 |       0 |    3066 |   0.0 |       0 |      53 |   0.0 |  1991
               +---------+---------+-------+---------+---------+-------+---------
